 Dungeon Crawl Stone Soup version 0.23.2-1-ga50397a (webtiles) character file.

Game seed: 8535006449550661565

119364 MajorAdolf the Unseen (level 16, -3/165 HPs)
             Began as a Naga Wanderer on Apr 25, 2019.
             Was the Champion of Dithmenos.
             Slain by an iron troll (6 damage)
             ... on level 1 of the Depths.
             The game lasted 01:41:58 (35781 turns).

MajorAdolf the Unseen (Naga Wanderer)              Turns: 35781, Time: 01:41:59

Health: -3/165     AC: 34    Str: 27    XL:     16   Next: 79%
Magic:  22/23      EV:  5    Int: 16    God:    Dithmenos [******]
Gold:   2224       SH: 11    Dex: 11    Spells: 22/25 levels left

rFire    . . .     SeeInvis +   q - +7 dagger (elec)
rCold    + + .     Gourm    .   i - +0 shield
rNeg     . . .     Faith    .   R - +3 ice dragon scales "Yrighobre" {rF- rC++ Str+3}
rPois    +         Spirit   .   W - +2 helmet {SInv}
rElec    .         Reflect  .   I - +2 cloak {MR+}
rCorr    .         Harm     .   h - +0 pair of gloves
MR       +++..                  k - +4 naga barding
Stlth    ++++++++++             K - amulet of rage
HPRegen  0.37/turn              E - ring of protection from fire
MPRegen  0.18/turn              Q - ring of Pasoh {Str+6 Stlth+}

@: confusing touch, about to teleport, wreathed by umbra, very slow
A: large, see invisible, deformed body, poison resistance, slowness 2, slow
metabolism 1, spit poison 1, constrict 1, AC +5
a: Spit Poison, Shadow Step, Shadow Form, Renounce Religion, Evoke Berserk Rage


You were on level 1 of the Depths.
You worshipped Dithmenos.
Dithmenos was exalted by your worship.
You were hungry.

You visited 5 branches of the dungeon, and saw 25 of its levels.
You also visited: Sewer, Gauntlet and Ice Cave.

You collected 2614 gold pieces.
You spent 390 gold pieces at shops.

Inventory:

Hand Weapons
 q - a +7 dagger of electrocution (weapon)
Missiles
 w - 48 tomahawks (quivered)
 x - 26 bolts
 Z - 228 arrows
Armour
 b - a +0 large shield
 h - a +0 pair of gloves (worn)
 i - a +0 shield (worn)
 k - a +4 naga barding (worn)
 B - the +3 buckler of the Big Bang {Int+3}
   (You found it on level 6 of the Dungeon)

   It affects your intelligence (+3).
 I - a +2 cloak of magic resistance (worn)
 L - a +2 robe of resistance
 R - the +3 ice dragon scales "Yrighobre" (worn) {rF- rC++ Str+3}
   (You found it in an ice cave)

   It affects your strength (+3).
   It makes you vulnerable to fire.
   It greatly protects you from cold.
 W - a +2 helmet of see invisible (worn)
Magical Staves
 y - an uncursed staff of power
 V - an uncursed staff of earth
Jewellery
 f - an uncursed ring of wizardry
 p - an uncursed ring of magical power
 E - a ring of protection from fire (left hand)
 K - an amulet of rage (around neck)
 Q - the ring of Pasoh (right hand) {Str+6 Stlth+}
   (You found it on level 3 of the Lair of Beasts)

   [ring of stealth]

   It affects your strength (+6).
   It makes you more stealthy.
Wands
 c - a wand of digging (5)
 d - a wand of flame (18)
 r - a wand of clouds (4)
 s - a wand of scattershot (5)
 v - a wand of iceblast (4)
 D - a wand of random effects (17)
 N - a wand of polymorph (32)
 S - a wand of acid (24)
 T - a wand of paralysis (11)
Scrolls
 e - 2 scrolls of teleportation
 j - 4 scrolls of magic mapping
 m - 7 scrolls of identify
 u - 4 scrolls of fog
 C - 6 scrolls of remove curse
 M - 3 scrolls of enchant armour
 P - 2 scrolls of blinking
Potions
 a - a potion of invisibility
 l - 2 potions of might
 n - 2 potions of resistance {unknown}
 o - 4 potions of flight
 t - a potion of berserk rage
 z - 9 potions of curing
 A - 4 potions of brilliance
 F - 4 potions of haste
 J - 4 potions of heal wounds
 O - 4 potions of lignification
 U - a potion of agility
Miscellaneous
 G - a lightning rod (4/4)
Comestibles
 g - 50 rations


   Skills:
 - Level 16.0 Fighting
 - Level 10.0 Short Blades
   Level 1.7 Bows
 - Level 1.0 Throwing
 + Level 9.8 Armour
 - Level 19.0 Stealth
 + Level 8.0 Shields
 - Level 5.0 Spellcasting
 - Level 5.0 Hexes
   Level 2.0 Air Magic
 - Level 10.0 Invocations
 - Level 1.0 Evocations


You had 22 spell levels left.
You knew the following spells:

 Your Spells              Type           Power        Failure   Level  Hunger
a - Confusing Touch       Hex            ###...       5%          1    None
b - Blink                 Tloc           N/A          52%         2    #......

Your spell library contained the following spells:

 Spells                   Type           Power        Failure   Level  Hunger
 Corona                   Hex            ###....      5%          1    None
 Slow                     Hex            ###.....     8%          2    #......
 Animate Skeleton         Necr           N/A          38%         1    None
 Apportation              Tloc           #.....       38%         1    None
 Freeze                   Ice            #...         38%         1    None
 Summon Small Mammal      Summ           #...         38%         1    None
 Inner Flame              Hex/Fire       ##......     41%         3    ###....
 Portal Projectile        Hex/Tloc       ##....       41%         3    ###....
 Summon Guardian Golem    Hex/Summ       ##......     41%         3    ###....
 Cause Fear               Hex            ###.......   45%         4    ####...
 Call Imp                 Summ           #.......     52%         2    #......
 Shroud of Golubria       Chrm/Tloc      #.........   52%         2    #......
 Throw Frost              Conj/Ice       #.....       52%         2    #......
 Call Canine Familiar     Summ           #.......     77%         3    ###....
 Gell's Gravitas          Tloc           #.........   77%         3    ###....
 Lesser Beckoning         Tloc           #.........   77%         3    ###....
 Ozocubu's Armour         Chrm/Ice       #.......     77%         3    ###....
 Teleport Other           Tloc           #.......     77%         3    ###....
 Leda's Liquefaction      Hex/Erth       ##........   82%         4    ####...
 Summon Lightning Spire   Summ/Air       #.......     95%         4    ####...
 Silence                  Hex/Air        ###.......   95%         5    ######.
 Passage of Golubria      Tloc           N/A          99%         4    ####...
 Summon Ice Beast         Ice/Summ       #.......     99%         4    ####...
 Throw Icicle             Conj/Ice       #.......     99%         4    ####...
 Conjure Ball Lightning   Conj/Air       #.........   100%        6    #######
 Deflect Missiles         Chrm/Air       #.........   100%        6    #######
 Tornado                  Air            ##........   100%        9    #######


Dungeon Overview and Level Annotations

Branches:
Dungeon (15/15)            Temple (1/1) D:7            Lair (6/6) D:8
 Shoals (0/4) Lair:3        Snake (0/4) Lair:4        Slime (0/5) Lair:6
    Orc (2/2) D:10            Elf (0/3) Orc:2        Vaults (0/5) D:13
 Depths (1/5) D:15

Altars:
Ashenzari
Cheibriados
Dithmenos
Elyvilon
Fedhas
Gozag
Hepliaklqana
Kikubaaqudgha
Makhleb
Nemelex Xobeh
Okawaru
Qazlal
Ru
Sif Muna
Trog
Uskayaw
Vehumet
Wu Jian
Xom
Yredelemnul
Zin
The Shining One

Shops:
D:15 *   Orc:1 *[   Orc:2 (!!?

Portals:
Ziggurat: Depths:1

Annotations:
Lair:2 exclusion: downstairs
Lair:3 exclusion: door


Innate Abilities, Weirdness & Mutations

You cannot wear boots.
Your serpentine skin is tough. (AC +5)
You have supernaturally acute eyesight. (SInv)
Armour fits poorly on your strangely shaped body.
Your system is resistant to poisons. (rPois)
You cover ground very slowly.
You have a slow metabolism.
You can spit poison.
You can use your snake-like lower body to constrict enemies.


Message History

The iron troll bites you but does no damage.
The iron troll claws you but does no damage. x2
You hit the iron troll but do no damage.
Unknown command.
As you read the scroll of teleportation, it crumbles to dust.
You feel strangely unstable.
The iron troll seems less confused.
The deep troll shaman simulacrum bites you!
* * * LOW HITPOINT WARNING * * *
The deep troll shaman simulacrum freezes you.
You resist.
* * * LOW HITPOINT WARNING * * *
The deep troll shaman simulacrum completely misses you.
The deep troll shaman simulacrum claws you!
* * * LOW HITPOINT WARNING * * *
The deep troll shaman simulacrum freezes you!
You resist.
* * * LOW HITPOINT WARNING * * *
The iron troll bites you but does no damage.
The iron troll claws you.
You die...

##################.....C........
................................
........................[T.....T
.................[..............
...................######..###..
...............§§.## .##.##.
...............§§## ##.∩.##
....).........§ZT# .##.##p
..............§§@# ..###p.
..............§§T§§..... ...#upp
..............§§§§§.....
.................§......
####...################# #...#
#...# #...# #...#


You could see 2 iron trolls and a deep troll shaman simulacrum.

Vanquished Creatures
  Jorgrun (D:12)
  A frost giant (D:15)
  2 very ugly things (D:15)
  A stone giant (D:15)
  A minotaur (Gauntlet)
  Snorg (Orc:2)
  A fire dragon (D:15)
  Erolcha (D:9)
  Josephine (Orc:1)
  4 vault guards (D:13)
  27 two-headed ogres
  A catoblepas (Lair:6)
  4 centaur warriors
  9 hydras
  4 deep troll shamans
  6 ogre magi
  A deep troll earth mage (Depths:1)
  A tengu warrior (D:15)
  4 death yaks (Lair:6)
  Nergalle (Lair:1)
  2 fire crabs (D:12)
  5 skeletal warriors (D:14)
  A sixfirhy (Gauntlet)
  An unseen horror (D:14)
  2 glowing orange brains (Gauntlet)
  A deep elf mage (D:13)
  14 ugly things
  A lindwurm (Lair:6)
  2 orc sorcerers
  3 orc knights
  4 oklob plants (Lair:3)
  4 cyclopes
  A manticore (D:15)
  3 black mambas
  8 elephants
  3 ice statues (IceCv)
  A merfolk siren (Lair:3)
  3 gargoyles
  10 spiny frogs
  A yaktaur (D:15)
  3 rime drakes
  A rime drake (shapeshifter) (D:13)
  An ice devil (Gauntlet)
  5 komodo dragons
  A queen bee (Lair:3)
  3 trolls
  A meliai (D:13)
  A polar bear (Lair:6)
  A hornet (D:14)
  9 hippogriffs
  12 blink frogs
  22 slime creatures
  5 dream sheep (Lair:6)
  Sigmund (D:3)
  2 shadows
  A spriggan (D:11)
  4 wyverns
  4 wraiths (Orc:1)
  43 yaks
  2 steam dragons
  3 hungry ghosts
  2 basilisks
  14 wargs
  A two-headed ogre zombie (D:10)
  A soldier ant (D:14)
  13 water moccasins
  5 porcupines
  6 phantoms
  26 orc warriors
  An eye of draining (D:13)
  A black bear (Lair:6)
  7 ice beasts
  43 ogres
  A necrophage (D:13)
  5 boggarts (D:15)
  10 centaurs
  3 sky beasts
  8 wolves
  9 crocodiles
  11 big kobolds
  A gnoll sergeant (D:9)
  14 bullfrogs
  A wyvern zombie (D:14)
  2 wyvern skeletons
  3 scorpions
  35 killer bees
  A troll zombie (D:10)
  A howler monkey (D:5)
  2 electric eels
  4 crimson imps
  A bullfrog zombie (D:9)
  2 centaur zombies
  15 jellies
  5 centaur skeletons
  3 bullfrog skeletons
  8 hounds
  13 orc priests
  2 iguanas
  19 orc wizards
  10 worker ants
  A killer bee zombie (D:6)
  6 ogre zombies (D:10)
  2 hound skeletons
  A worker ant zombie (D:5)
  13 adders
  9 gnolls
  3 river rats
  5 shadow imps
  4 white imps (Gauntlet)
  4 ufetubi (Gauntlet)
  11 oozes
  4 worms
  A dart slug (D:1)
  7 leopard geckos
  87 orcs
  3 giant cockroaches
  5 goblins
  8 hobgoblins
  9 jackals
  2 quokkas (D:8)
  5 ball pythons
  2 bats
  2 frilled lizards
  A goblin skeleton (D:10)
  A goblin zombie (D:10)
  3 hobgoblin skeletons (D:10)
  A jackal skeleton (D:2)
  19 kobolds
  7 orc skeletons (D:10)
  13 orc zombies (D:10)
  9 rats
824 creatures vanquished.

Vanquished Creatures (others)
  An orc (Orc:1)
  A bush (Lair:6)
  2 fungi (Lair:3)
  5 plants
9 creatures vanquished.

Grand Total: 833 creatures vanquished

Notes
Turn   | Place    | Note
-------+----------+-------------------------------------------
     0 | D:1      | MajorAdolf the Naga Wanderer began the quest for the Orb.
     0 | D:1      | MajorAdolf set off with the following items: a +2 shortbow,
                  | 25 arrows, a +0 hand crossbow, 20 bolts, a scroll of
                  | teleportation, a +0 robe, a ration
     0 | D:1      | Reached XP level 1. HP: 21/21 MP: 2/2
    91 | D:1      | Reached XP level 2. HP: 28/28 MP: 3/3
   683 | D:1      | Reached skill level 1 in Stealth
   683 | D:1      | Reached XP level 3. HP: 19/36 MP: 4/4
   827 | D:2      | Reached skill level 2 in Stealth
   834 | D:1      | Reached skill level 3 in Stealth
   841 | D:2      | Reached XP level 4. HP: 12/44 MP: 5/5
  1204 | D:2      | Reached skill level 1 in Short Blades
  1575 | D:2      | Found an ornate altar of the Wu Jian Council.
  1585 | D:2      | Found a sparkling altar of Nemelex Xobeh.
  1588 | D:2      | Found a snail-covered altar of Cheibriados.
  1591 | D:2      | Found a basalt altar of Yredelemnul.
  1845 | D:2      | Reached skill level 4 in Stealth
  2042 | D:3      | Found an opulent altar of Gozag.
  2275 | D:3      | Reached XP level 5. HP: 50/50 MP: 6/6
  2558 | D:3      | Noticed Sigmund
  2585 | D:3      | Killed Sigmund
  2585 | D:3      | Reached skill level 5 in Stealth
  2585 | D:3      | Reached XP level 6. HP: 30/57 MP: 7/7
  2799 | D:3      | Reached skill level 6 in Stealth
  3059 | D:4      | Found a stormy altar of Qazlal.
  3070 | D:3      | Reached XP level 7. HP: 60/64 MP: 8/8
  3162 | D:4      | Reached skill level 5 in Short Blades
  3478 | D:4      | Reached skill level 7 in Stealth
  3512 | D:4      | Found a shattered altar of Ashenzari.
  3666 | D:5      | Entered Level 5 of the Dungeon
  3870 | D:5      | Reached XP level 8. HP: 72/72 MP: 9/9
  3961 | D:5      | Reached skill level 8 in Stealth
  4128 | D:5      | Found a glowing drain.
  4141 | Sewer    | Entered a sewer
  4346 | Sewer    | Reached skill level 9 in Stealth
  5348 | D:6      | Reached skill level 10 in Stealth
  5348 | D:6      | Reached XP level 9. HP: 78/78 MP: 10/10
  5601 | D:6      | Got a spiked buckler
  5607 | D:6      | Identified the +3 buckler of the Big Bang {Int+3} (You
                  | found it on level 6 of the Dungeon)
  5621 | D:6      | Found a glowing silver altar of Zin.
  5621 | D:6      | Found a burning altar of Makhleb.
  5622 | D:6      | Noticed a balrug
  5622 | D:6      | Noticed an angel
  5949 | D:7      | Found a staircase to the Ecumenical Temple.
  5955 | D:7      | Found a faded altar of an unknown god.
  5979 | Temple   | Entered the Ecumenical Temple
  6202 | Temple   | Became a worshipper of Dithmenos the Shadowed
  6280 | D:7      | Found a blossoming altar of Fedhas.
  6363 | D:7      | Reached skill level 1 in Shields
  6733 | D:7      | Found an iron altar of Okawaru.
  7199 | D:8      | Found a staircase to the Lair.
  7302 | D:8      | Reached skill level 11 in Stealth
  7510 | D:8      | Found a shimmering altar of Xom.
  7912 | D:8      | Found a hazy altar of Hepliaklqana.
  7912 | D:8      | Noticed a torpor snail
  7913 | D:8      | Noticed a spectral ugly thing
  7913 | D:8      | Noticed a torpor snail
  8012 | D:8      | Reached skill level 10 in Short Blades
  8199 | D:9      | Reached skill level 12 in Stealth
  8213 | D:9      | Reached * piety under Dithmenos
  8229 | D:9      | Reached XP level 10. HP: 65/85 MP: 11/11
  8554 | D:8      | Reached skill level 13 in Stealth
  9236 | D:8      | Reached skill level 14 in Stealth
  9651 | D:9      | Reached skill level 15 in Stealth
 10048 | D:9      | Noticed Erolcha
 10095 | D:9      | Reached skill level 16 in Stealth
 10677 | D:9      | Killed Erolcha
 10684 | D:9      | Learned a level 1 spell: Confusing Touch
 10744 | D:10     | Entered Level 10 of the Dungeon
 10772 | D:10     | Reached skill level 17 in Stealth
 10782 | D:10     | Reached XP level 11. HP: 72/92 MP: 12/12
 11401 | D:10     | Reached skill level 5 in Fighting
 11413 | D:10     | Reached ** piety under Dithmenos
 11573 | D:10     | Found a staircase to the Orcish Mines.
 11720 | D:10     | Reached *** piety under Dithmenos
 11918 | D:10     | Reached skill level 18 in Stealth
 12023 | D:10     | Noticed a brown ugly thing
 12033 | D:10     | Killed a brown ugly thing
 12472 | D:10     | Noticed an orc sorcerer
 12477 | D:10     | Noticed a sun demon
 12866 | Orc:1    | Entered Level 1 of the Orcish Mines
 12898 | Orc:1    | Found Hemet's Antique Armour Shoppe.
 12901 | Orc:1    | Bought a distressingly furry leather armour for 161 gold
                  | pieces
 12911 | Orc:1    | Identified the +1 leather armour of Lilacs {rPois rN+
                  | Stlth+} (You bought it in a shop on level 1 of the Orcish
                  | Mines)
 13095 | Orc:1    | Noticed an orc knight
 13095 | Orc:1    | Noticed an orc sorcerer
 13127 | Orc:1    | Reached skill level 1 in Invocations
 13611 | D:11     | Reached **** piety under Dithmenos
 13761 | D:11     | Noticed a two-headed ogre
 13763 | D:11     | Killed a two-headed ogre
 13852 | D:11     | Noticed a six-headed hydra
 13863 | D:11     | Killed a six-headed hydra
 13863 | D:11     | Reached XP level 12. HP: 46/112 MP: 14/14
 14866 | D:12     | Reached skill level 5 in Invocations
 15120 | D:12     | Reached skill level 10 in Fighting
 15245 | D:12     | Found a runed translucent door.
 15303 | D:12     | HP: 2/174 [gargoyle/stone arrow (20)]
 15687 | D:12     | Noticed Jorgrun
 15694 | D:12     | Killed Jorgrun
 15964 | D:12     | Noticed a two-headed ogre
 15981 | D:12     | Killed a two-headed ogre
 16257 | D:12     | Noticed an entropy weaver
 16259 | D:12     | Reached skill level 1 in Hexes
 16274 | D:12     | HP: 4/120 [entropy weaver (8)]
 16691 | D:13     | Gained mutation: You can use your snake-like lower body to
                  | constrict enemies. [Naga growth]
 16691 | D:13     | Reached XP level 13. HP: 79/128 MP: 18/18
 17231 | Orc:1    | Found Aujoung's Alliterative Accessories.
 17330 | Orc:2    | Entered Level 2 of the Orcish Mines
 17555 | Orc:2    | Noticed Snorg
 17573 | Orc:2    | Killed Snorg
 18344 | Orc:2    | Found Reudaxto's Distillery.
 18344 | Orc:2    | Found Qoggainu's Magic Scroll Boutique.
 18348 | Orc:2    | Found Moxigh's Weapon Shop.
 18348 | Orc:2    | Found Rapsitos's Distillery.
 18517 | Orc:2    | Reached ***** piety under Dithmenos
 18529 | Orc:2    | Found a staircase to the Elven Halls.
 18726 | Orc:2    | Reached skill level 5 in Hexes
 19094 | Orc:2    | Noticed an ogre mage
 19101 | Orc:2    | Killed an ogre mage
 19126 | Orc:2    | Bought a potion of heal wounds for 65 gold pieces
 19127 | Orc:2    | Bought a scroll of teleportation for 30 gold pieces
 19127 | Orc:2    | Bought a scroll of teleportation for 30 gold pieces
 19129 | Orc:2    | Bought a potion of heal wounds for 65 gold pieces
 19133 | Orc:2    | Bought a potion of lignification for 39 gold pieces
 19383 | Orc:2    | Reached XP level 14. HP: 142/142 MP: 21/21
 19614 | Orc:2    | Reached skill level 10 in Invocations
 20083 | Orc:1    | Noticed Josephine
 20089 | Orc:1    | Killed Josephine
 21428 | Lair:1   | Entered Level 1 of the Lair of Beasts
 21569 | Lair:1   | Noticed Nergalle
 21577 | Lair:1   | Killed Nergalle
 21687 | Lair:1   | Reached skill level 15 in Fighting
 22082 | Lair:2   | Found a frozen archway.
 22108 | IceCv    | Entered an ice cave
 22913 | IceCv    | Got smelly ice dragon scales
 23082 | IceCv    | Identified the +3 ice dragon scales "Yrighobre" {rF- rC++
                  | Str+3} (You found it in an ice cave)
 23934 | Lair:3   | Reached skill level 1 in Armour
 24314 | Lair:3   | Reached ****** piety under Dithmenos
 25313 | Lair:3   | Got a brightly glowing ivory ring
 26094 | Lair:3   | Found a staircase to the Shoals.
 26365 | Lair:4   | Found a staircase to the Snake Pit.
 26377 | Lair:4   | Found a gate leading to a gauntlet.
 26406 | Lair:4   | Reached XP level 15. HP: 122/156 MP: 22/22
 26489 | Gauntlet | Entered a Gauntlet
 26489 | Gauntlet | Found a transporter.
 26613 | Gauntlet | Found a transporter.
 26621 | Gauntlet | Found a transporter.
 26634 | Gauntlet | Found the +2 robe of Vines {NoPotionHeal Regen+7}
 26634 | Gauntlet | Found a transporter.
 26634 | Gauntlet | Found a transporter.
 26661 | Gauntlet | Found a transporter.
 26669 | Gauntlet | Found a transporter.
 26670 | Gauntlet | Found a transporter.
 26729 | Gauntlet | Found a transporter.
 26737 | Gauntlet | Found a transporter.
 26742 | Gauntlet | Reached skill level 5 in Armour
 26918 | Gauntlet | Identified the ring of Pasoh {Str+6 Stlth+} (You found it
                  | on level 3 of the Lair of Beasts)
 26927 | Gauntlet | Found a transporter.
 26931 | Gauntlet | Found a transporter.
 27307 | Lair:4   | You fall through a shaft!
 27996 | Lair:4   | Learned a level 2 spell: Blink
 28376 | Lair:6   | Entered Level 6 of the Lair of Beasts
 28468 | Lair:6   | Found a staircase to the Slime Pits.
 29319 | Lair:6   | Reached skill level 19 in Stealth
 31493 | D:13     | Found a gate to the Vaults.
 32553 | D:13     | Reached skill level 5 in Shields
 32857 | D:14     | Reached skill level 5 in Spellcasting
 32857 | D:14     | Reached XP level 16. HP: 165/165 MP: 23/23
 33140 | D:14     | Found a shattered altar of Ashenzari.
 33593 | D:15     | Entered Level 15 of the Dungeon
 33749 | D:15     | Found a sacrificial altar of Ru.
 33985 | D:15     | Found a staircase to the Depths.
 34036 | D:15     | Found Waimafamm's General Store.
 34170 | D:15     | Found a blossoming altar of Fedhas.
 34322 | Depths:1 | Entered Level 1 of the Depths
 35712 | Depths:1 | Found a gateway to a ziggurat.
 35781 | Depths:1 | HP: 3/165 [deep troll shaman simulacrum[a necromancer] (8)]
 35781 | Depths:1 | Slain by an iron troll

Skill      XL: |  1  2  3  4  5  6  7  8  9 10 11 12 13 14 15 16 |
---------------+-------------------------------------------------+-----
Fighting       | 4 8 11 13 15 16 | 16.0
Stealth        | 1 3 4 5 6 7 10 12 17 18 19 | 19.0
Short Blades   | 2 4 6 8 10 | 10.0
Shields        | 2 5 8 |  8.0
Invocations    | 3 7 9 10 | 10.0
Hexes          | 2 5 |  5.0
Armour         | 3 7 9 |  9.8
Spellcasting   | 5 |  5.0
Bows           | |  1.7
Throwing       | |  1.0
Air Magic      | |  2.0
Evocations     | |  1.0

Action                   |  1- 3 |  4- 6 |  7- 9 | 10-12 | 13-15 | 16-18 || total
-------------------------+-------+-------+-------+-------+-------+-------++-------
Melee: Dagger            |    15 |   101 |   369 |   849 |  1458 |   406 ||  3198
       Staff             |       |       |     2 |       |       |       ||     2
       Constrict         |       |       |       |       |   216 |    52 ||   268
 Fire: Shortbow          |    22 |       |       |       |       |       ||    22
Throw: Tomahawk          |       |       |     1 |     7 |    10 |     1 ||    19
 Cast: Confusing Touch   |       |       |       |     1 |    51 |     8 ||    60
Invok: Shadow Step       |       |       |       |     2 |       |       ||     2
 Abil: Spit Poison       |     9 |    27 |    10 |     4 |     2 |       ||    52
Evoke: Wand              |       |       |       |     4 |     5 |       ||     9
  Use: Scroll            |       |       |    16 |    15 |    18 |     1 ||    50
       Potion            |       |       |       |     4 |       |       ||     4
 Stab: Sleeping          |       |     4 |    33 |    52 |    78 |    20 ||   187
       Distracted        |       |       |       |     4 |    10 |     1 ||    15
       Confused          |       |       |       |       |    40 |     6 ||    46
  Eat: Chunk             |       |     7 |    12 |    18 |    29 |     2 ||    68
       Ration            |       |       |     2 |     1 |     4 |     2 ||     9
Armor: Robe              |    12 |    42 |   132 |   106 |    51 |       ||   343
       Leather armour    |       |       |       |    69 |    87 |       ||   156
       Skin              |       |       |       |     2 |       |       ||     2
       Ice dragon scales |       |       |       |       |   415 |   241 ||   656
Dodge: Dodged            |    14 |    30 |    76 |   141 |   194 |    66 ||   521
Block: Buckler           |       |       |    19 |   141 |   212 |       ||   372
       Shield            |       |       |       |       |   106 |   187 ||   293
